 Dungeon Crawl Stone Soup version 0.31.0-12-g77e489cdc1 (webtiles) character file.

Game seed: 3468794685259980660

26 ChrisAssaf the Sneak (level 3, -3/27 HPs)
             Began as a Human Brigand on Feb 15, 2024.
             Slain by a ribbon worm (7 damage)
             ... on level 3 of the Dungeon.
             The game lasted 00:02:34 (689 turns).

ChrisAssaf the Sneak (Human Brigand)                 Turns: 689, Time: 00:02:35

Health: -3/27      AC:  3    Str: 11    XL:     3   Next: 8%
Magic:  3/3        EV: 12    Int: 13    God:
Gold:   86         SH:  0    Dex: 14    Spells: 2/2 levels left

rFire   + . .        a - +2 dagger
rCold   x . .        (no shield)
rNeg    . . .        b - +0 robe
rPois   .            (no helmet)
rElec   .            c - +0 cloak
rCorr   .            (no gloves)
SInv    .            (no boots)
Will    .....        (no amulet)
Stlth   +++          i - ring of fire
HPRegen 0.24/turn    (no ring)
MPRegen 0.08/turn

%: no passive effects
@: no status effects
A: explore regen
a: no special abilities


You were on level 3 of the Dungeon.
You visited 1 branch of the dungeon, and saw 3 of its levels.

You collected 86 gold pieces.

Inventory:

Hand Weapons
 a - a +2 dagger (weapon)
Missiles
 d - 8 poisoned darts (quivered)
 e - 3 curare-tipped darts
Armour
 b - a +0 robe (worn)
 c - a +0 cloak (worn)
Jewellery
 i - a ring of fire (left hand)
Scrolls
 f - a scroll of noise
Potions
 g - 2 potions of curing {unknown}
 h - a potion of mutation {unknown}


   Skills:
 * Level 2.1 Fighting
 * Level 2.2 Short Blades
 * Level 2.1 Throwing
 * Level 0.8 Armour
 * Level 1.1 Dodging
 * Level 4.5 Stealth


You had 2 spell levels left.
You didn't know any spells.
Your spell library was empty.

Dungeon Overview and Level Annotations

Branches:
Dungeon (3/15)

Altars:
Kikubaaqudgha
Xom


Innate Abilities, Weirdness & Mutations

You regain HP and MP as you explore.


Message History

You see here a scroll labelled BOHYAXUXAU.
Blink to where?
Press: ? - help, Dir - move target A ribbon worm comes into view.
As you read the scroll labelled BOHYAXUXAU, it crumbles to dust.
It was a scroll of blinking.
The ribbon worm bites you but does no damage.
You hit the ribbon worm but do no damage.
The ribbon worm expels a string of sticky webbing.
The stream of webbing hits you but does no damage.
You are caught in a web!
The web tears apart.
You hit the ribbon worm.
The ribbon worm is lightly wounded.
The ribbon worm closely misses you.
You hit the ribbon worm.
The ribbon worm is moderately wounded.
The ribbon worm bites you.
You hit the ribbon worm.
The ribbon worm is moderately wounded.
You hit the ribbon worm.
The ribbon worm is heavily wounded.
The ribbon worm bites you.
You hit the ribbon worm.
The ribbon worm is heavily wounded.
The ribbon worm bites you.
You completely miss the ribbon worm.
The ribbon worm is heavily wounded.
The ribbon worm bites you.
* * * LOW HITPOINT WARNING * * *
You hit the ribbon worm.
The ribbon worm is heavily wounded.
You hit the ribbon worm.
The ribbon worm is severely wounded.
The ribbon worm bites you.
* * * LOW HITPOINT WARNING * * *
You hit the ribbon worm.
The ribbon worm is almost dead.
The ribbon worm bites you!
You die...

.........# ..#
......#####...#
#####......#
$..g#.####..#########
..$$#... ..........#
$_$$#..## ###.......#
....#..# #.......#
....#..# #......#
#'###... #.w@...#
........ ########


You could see a ribbon worm.

Vanquished Creatures
  A ribbon worm (D:2)
  A dart slug (D:3)
  3 ball pythons (D:2)
  An endoplasm (D:1)
  A giant cockroach (D:2)
  A hobgoblin (D:2)
  4 kobolds
  A quokka (D:1)
  A bat (D:2)
  2 frilled lizards (D:2)
  3 goblins
  A rat (D:2)
20 creatures vanquished.

Notes
Turn   | Place    | Note
-------+----------+-------------------------------------------
     0 | D:1      | ChrisAssaf the Human Brigand began the quest for the Orb.
     0 | D:1      | Reached XP level 1. HP: 16/16 MP: 1/1
   145 | D:1      | Reached XP level 2. HP: 21/22 MP: 2/2
   447 | D:2      | Found an ancient bone altar of Kikubaaqudgha.
   488 | D:2      | Reached XP level 3. HP: 26/27 MP: 3/3
   559 | D:3      | Found a shimmering altar of Xom.
   689 | D:3      | Slain by a ribbon worm

Illustrated notes

Levels and vault maps discovered:
D:1:      psy_arrival_radial01, layout_rooms, serial_curves, eino_curves_04,
          eino_curves_04
D:2:      layout_basic, basic_altar
D:3:      layout_rooms, amcnicky_altar_gilded

Action                     || total
---------------------------++-------
  Melee: Dagger            ||    42
         Punch             ||     2
  Throw: Dart              ||    15
    Use: Scroll            ||     3
   Stab: Sleeping          ||     5
 Armour: Robe              ||    22
  Dodge: Dodged            ||    11
